 Dungeon Crawl Stone Soup version 0.24.0-123-gd5b16e6ec5 (webtiles) character file.

Game seed: 13138358847780836462, levelgen mode: deterministic

62 Descartes the Scratcher (level 3, 0/18 HPs)
             Began as a Felid Wanderer on Feb 12, 2020.
             Slain by a hobgoblin (2 damage)
             ... on level 3 of the Dungeon.
             The game lasted 00:04:56 (3320 turns).

Descartes the Scratcher (Felid Wanderer)            Turns: 3320, Time: 00:04:56

Health: 0/18       AC:  1    Str:  9    XL:     3   Next: 85%
Magic:  4/4        EV: 17    Int: 14    God:
Gold:   70         SH:  0    Dex: 14    Spells: 2/2 levels left
                                        Lives:  0   Deaths: 1

rFire    . . .     SeeInvis +     - Unarmed
rCold    . . .     Gourm    .   (shield unavailable)
rNeg     . . .     Faith    .   (armour unavailable)
rPois    .         Spirit   .   (helmet unavailable)
rElec    .         Reflect  .   (cloak unavailable)
rCorr    +         Harm     .   (gloves unavailable)
MR       .....                  (boots unavailable)
Stlth    +++.......             (no amulet)
HPRegen  0.06/turn              j - ring of resist corrosion
MPRegen  0.09/turn              (no ring)

@: quick
A: very small, no armour, no weapons or thrown items, stealth, claws 1, fangs 3,
see invisible, carnivore, speed 1, shaggy fur 1, slow metabolism 1, sharp paws
a: no special abilities


You were on level 3 of the Dungeon.
You were full.

You visited 1 branch of the dungeon, and saw 3 of its levels.

You collected 70 gold pieces.

Inventory:

Missiles
 e - 52 stones
Jewellery
 j - a ring of resist corrosion (left paw)
Scrolls
 a - 2 scrolls of fear
 c - 6 scrolls of teleportation
 g - 3 scrolls of enchant armour {unknown}
 h - 2 scrolls of amnesia {unknown}
 i - 2 scrolls of fog {unknown}
 l - 2 scrolls of identify {unknown}
 o - a scroll of enchant weapon {unknown}
Potions
 b - a potion of haste
 f - a potion of flight
 m - a potion of curing {unknown}
 n - a potion of ambrosia
Comestibles
 d - 5 rations


   Skills:
 + Level 4.4 Fighting
 + Level 2.3 Dodging
 + Level 3.2 Stealth
 * Level 5.0 Unarmed Combat
   Level 1.1 Evocations


You had 2 spell levels left.
You didn't know any spells.
Your spell library was empty.

Dungeon Overview and Level Annotations

Branches:
Dungeon (3/15)

Altars:


Innate Abilities, Weirdness & Mutations

You cannot wear armour.
You are incapable of wielding weapons or throwing items.
Your paws allow you to move quietly. (Stealth)
You have sharp claws.
You have razor-sharp teeth.
You have supernaturally acute eyesight. (SInv)
You are carnivorous and can eat meat at any time.
You cover ground quickly.
You are covered in fur. (AC +1)
You have a slow metabolism.
Your sharp claws are effective at attacking unaware monsters.


Message History

You kill the orc!
The hobgoblin hits you.
You see here a +0 scale mail.
You scratch the hobgoblin but do no damage.
The hobgoblin hits you.
You are too injured to fight recklessly!
You are too injured to fight recklessly!
You are too injured to fight recklessly!
You barely miss the hobgoblin. The hobgoblin hits you.
You scratch the hobgoblin.
The hobgoblin is moderately wounded.
The hobgoblin barely misses you.
You completely miss the hobgoblin.
The hobgoblin is moderately wounded.
The hobgoblin hits you.
* * * LOW HITPOINT WARNING * * *
You barely miss the hobgoblin. Your bite misses the hobgoblin.
The hobgoblin is moderately wounded.
The hobgoblin hits you.
You die...

#>#
#######.....
#.#
............
#.#
........^.รท.
######.#
.........#..
#..<##.#
............
#..)##.#
..........##
#......#
.........###
#...####
.........###
#...@g.#
.........##.
#...##.#
.........#..
#...#
..............
#...#
##..........[
#####
#########..<
##.. ##. ##


You could see a hobgoblin.

Vanquished Creatures
  5 adders (D:2)
  3 worms (D:2)
  4 dart slugs
  2 leopard geckos
  2 orcs (D:3)
  5 bats
  3 giant cockroaches
  5 goblins (D:1)
  8 hobgoblins
  3 jackals (D:2)
  4 quokkas
  4 frilled lizards
  6 kobolds
  5 rats
59 creatures vanquished.

Notes
Turn   | Place    | Note
-------+----------+-------------------------------------------
     0 | D:1      | Descartes the Felid Wanderer began the quest for the Orb.
     0 | D:1      | Descartes set off with the following items: a scroll of
                  | fear, a potion of haste, 2 scrolls of teleportation, a
                  | ration
     0 | D:1      | Reached XP level 1. HP: 11/11 MP: 2/2
   299 | D:1      | Reached XP level 2. HP: 15/15 MP: 3/3
   326 | D:1      | Reached skill level 1 in Dodging
  1207 | D:1      | Reached XP level 3. HP: 9/18 MP: 4/4
  2113 | D:2      | Reached XP level 4. HP: 14/22 MP: 5/5
  2855 | D:3      | Reached skill level 5 in Unarmed Combat
  3244 | D:3      | Noticed a phantom
  3268 | D:3      | Slain by a phantom
  3269 | D:3      | Reached XP level 3. HP: 0/18 MP: 4/4
  3320 | D:3      | Slain by a hobgoblin

Levels and vault maps discovered:
D:1:      minmay_arrival_shoal_huts, layout_basic
D:2:      layout_loops_corners, first_ration, wad_floor_pattern_untrapped
D:3:      layout_rooms, chequers_ecumenical_altar_lobes, trog_book

Skill      XL: |  1  2  3  4 |
---------------+-------------+-----
Dodging        | 1 2 |  2.3
Stealth        | 2 3 |  3.2
Unarmed Combat | 5 |  5.0
Fighting       | |  4.4
Evocations     | |  1.1

Action                   |  1- 3 |  4- 6 || total
-------------------------+-------+-------++-------
Melee: Unarmed           |    94 |    98 ||   192
       Bite              |     3 |     9 ||    12
       Punch             |       |     2 ||     2
  Use: Potion            |     3 |       ||     3
 Stab: Sleeping          |     6 |     4 ||    10
       Distracted        |       |     1 ||     1
  Eat: Chunk             |    11 |     3 ||    14
Armor: Skin              |     7 |     4 ||    11
Dodge: Dodged            |    63 |    65 ||   128
